 Dungeon Crawl Stone Soup version 0.30-a0-879-ga8ba668304 (webtiles) character file.

Game seed: 17963474101697026456

210 ytrimaz the Trooper (level 5, -1/59 HPs)
             Began as an Ogre Berserker on Mar 13, 2023.
             Was a Believer of Trog.
             Slain by a kobold
             ... wielding a +0 short sword
              (4 damage)
             ... in a sewer.
             The game lasted 00:03:09 (2116 turns).

ytrimaz the Trooper (Ogre Berserker)                Turns: 2116, Time: 00:03:09

Health: -1/59      AC:  3    Str: 23    XL:     5   Next: 88%
Magic:  5/5        EV: 10    Int:  8    God:    Trog [**....]
Gold:   71         SH:  0    Dex:  8    Spells: 4/4 levels left

rFire   + . .      SeeInvis .    a - +0 mace
rCold   + . .      Faith    .    (no shield)
rNeg    + . .      Spirit   .    b - +0 animal skin
rPois   +          Reflect  .    (helmet restricted)
rElec   +          Rampage  .    (no cloak)
rCorr   +                        (gloves unavailable)
Will    .....                    (boots unavailable)
Stlth   +                        (no amulet)
HPRegen 0.29/turn                g - ring of positive energy
MPRegen 0.09/turn                (no ring)

@: confused, resistant, ambrosia-drunk, on berserk cooldown, slowed, very slow
A: large, unfitting armour, tough skin 1
a: Renounce Religion, Berserk, Trog's Hand


You were in a sewer.
You worshipped Trog.
Trog was pleased with you.
You visited 1 branch of the dungeon, and saw 4 of its levels.
You also visited: Sewer.

You collected 71 gold pieces.


Innate Abilities, Weirdness & Mutations

You are too large for most types of armour.
You have tough skin. (AC +1)


   Skills:
 + Level 5.7 Fighting
 * Level 5.0 Maces & Flails
 - Level 2.6 Dodging


You had 4 spell levels left.
You didn't know any spells.
Your spell library was empty.

Inventory:

Hand Weapons
 a - a +0 mace (weapon)
Armour
 b - a +0 animal skin (worn)
Jewellery
 g - a ring of positive energy (left hand)
   (You found it on level 3 of the Dungeon)
Potions
 d - 2 potions of ambrosia
 e - 2 potions of heal wounds {unknown}
 f - a potion of curing {unknown}
 h - a potion of might {unknown}
 i - a potion of invisibility {unknown}
 j - a potion of cancellation {unknown}

Dungeon Overview and Level Annotations

Branches:
Dungeon (4/15) Zot: 22278  Temple (0/1) D:4           Sewer (1/1) Zot: 5551

Altars:
Dithmenos
Okawaru
Qazlal
Zin

#.....~~~#~≈~#P~..##
##....P~P#~≈~#....##
#.....P~#~~~#.....#
#......~#~≈~#.....#
#.......#~≈~#P~~..#
##...~.~#~≈~#~~...#
#...~~~#~≈~#~~)P.#
###..K~#~≈~~~~)).#
##K@##~~~##')###
#.K)K#~≈~#....#
#..!.#####....#
#..∩.# #.∩..# #...!#
#[..)# ###### ######


You could see a kobold brigand and 3 kobolds.


Message History

The kobold closely misses you.
The kobold hits you but does no damage. 😕 HP[+1] Unknown command.
You thump the kobold brigand!
The kobold brigand hits you with a +0 short sword.
The kobold hits you with a +0 short sword. x2
The kobold brigand hits you with a +0 dagger.
The kobold hits you with a +0 dagger. 😮 HP[-18]
You take 18 damage, and now have 58/85 hp.
MASSIVE DAMAGE!! (PAUSE)
You closely miss the kobold brigand.
The kobold brigand hits you but does no damage.
The kobold hits you but does no damage.
The kobold hits you with a +0 short sword.
The kobold brigand barely misses you.
The kobold hits you but does no damage. 😮 HP[-4]
You take 4 damage, and now have 54/85 hp.
You hit the kobold brigand. The kobold brigand closely misses you.
Unknown command.
You closely miss the kobold brigand. The kobold barely misses you.
The kobold hits you but does no damage.
The kobold brigand hits you with a +0 dagger.
The kobold hits you but does no damage.
The kobold brigand hits you with a +0 short sword. 😮 HP[-7]
You take 7 damage, and now have 47/85 hp.
Unknown command.
You thump the kobold brigand!
You kill the kobold brigand!
Trog accepts your kill.
The kobold hits you with a +0 short sword.
The kobold hits you but does no damage. The kobold hits you with a +0 dagger.
* * * LOW HITPOINT WARNING * * *
Your Maces & Flails skill increases to level 5! 😨 HP[-5]
You now have 88 max hp (+3).
You take 5 damage, and now have 42/88 hp.
The kobold hits you with a +0 short sword.
* * * LOW HITPOINT WARNING * * *
The kobold closely misses you.
Things that are here:
a +0 dagger; 2 poisoned darts; a kobold corpse 😨 HP[-2]
You take 2 damage, and now have 40/88 hp.
Unknown command.
You sock the kobold brigand!
You are no longer berserk.
You are exhausted.
You feel yourself slow down. The kobold hits you with a +0 dagger.
* * * LOW HITPOINT WARNING * * *
The kobold hits you with a +0 short sword.
* * * LOW HITPOINT WARNING * * *
There is a large open door, spattered with blood here. 😨 HP[-18]
You now have 59 max hp (-29).
You thump the kobold brigand! The kobold closely misses you.
The kobold brigand hits you but does no damage.
The kobold misses you. The kobold hits you but does no damage.
The kobold hits you with a +0 short sword.
* * * LOW HITPOINT WARNING * * *
The kobold brigand hits you but does no damage.
The kobold barely misses you. x2 😨 HP[-2]
You take 2 damage, and now have 20/59 hp.
Unknown command.
You hit the kobold brigand. The kobold closely misses you.
The kobold brigand hits you with a +0 short sword.
* * * LOW HITPOINT WARNING * * *
The kobold closely misses you. The kobold hits you but does no damage.
The kobold brigand hits you with a +0 short sword.
* * * LOW HITPOINT WARNING * * *
The kobold hits you but does no damage. 😱 HP[-6]
You take 6 damage, and now have 14/59 hp.
You miss the kobold brigand.
The kobold hits you with a +0 short sword.
* * * LOW HITPOINT WARNING * * *
The kobold barely misses you. The kobold hits you but does no damage.
The kobold brigand hits you with a +0 short sword.
* * * LOW HITPOINT WARNING * * *
The kobold hits you with a +0 dagger.
* * * LOW HITPOINT WARNING * * *
The kobold barely misses you. The kobold brigand barely misses you.
The kobold barely misses you. 😱 HP[-12]
You take 12 damage, and now have 2/59 hp.
MASSIVE DAMAGE!! (PAUSE)
You are confused.
You feel invigorated. The kobold hits you but does no damage.
The kobold barely misses you.
The kobold hits you with a +0 short sword.
* * * LOW HITPOINT WARNING * * *
The kobold brigand hits you with a +0 short sword.
* * * LOW HITPOINT WARNING * * *
The kobold hits you with a +0 dagger.
* * * LOW HITPOINT WARNING * * *
The kobold hits you with a +0 short sword.
You die...

Skill      XL: |  1  2  3  4  5 |
---------------+----------------+-----
Maces & Flails | 3 4 5 |  5.0
Fighting       | 5 |  5.7
Dodging        | |  2.6

Action                     |  1- 3 |  4- 6 || total
---------------------------+-------+-------++-------
  Melee: Mace              |    91 |   116 ||   207
 Invoke: Berserk           |     1 |     2 ||     3
         Trog's Hand       |       |     1 ||     1
    Use: Scroll            |     2 |       ||     2
         Potion            |     2 |     2 ||     4
 Armour: Animal skin       |    35 |    54 ||    89
  Dodge: Dodged            |    49 |    93 ||   142

Levels and vault maps discovered:
D:1:      sevenhm_arrival_forest_fort_large_2, layout_loops_corners,
          ebering_ecumenical_altar_mist, minmay_statues_item,
          chequers_serial_rivers_micro_e
D:2:      layout_basic, minmay_misc_feat_tiny, minmay_unequal
D:3:      layout_basic, nicolae_overflow_hidden_temple,
          mainiacjoe_overflow_six_doors_small, grunt_nemelex_the_gamble,
          gup_sewer_entry_pipe
D:4:      layout_cave_pools, makhleb_altar_promises_db,
          minmay_temple_entry_wispy, serial_shops, shop, supply_closet_lemuel,
          minmay_misc_feat_hallway, uniq_natasha
Sewer:    kennysheep_pipe_town

Notes
Turn   | Place    | Note
-------+----------+-------------------------------------------
     0 | D:1      | ytrimaz the Ogre Berserker began the quest for the Orb.
     0 | D:1      | Reached XP level 1. HP: 24/24 MP: 1/1
     0 | D:1      | magus.rc [v1.9.6]
   190 | D:1      | Reached skill level 3 in Maces & Flails
   271 | D:1      | Reached XP level 2. HP: 32/32 MP: 2/2
   771 | D:1      | Found a faded altar of an unknown god.
   825 | D:1      | Reached XP level 3. HP: 33/40 MP: 3/3
  1181 | D:2      | You fall into a shaft and drop 2 floors!
  1185 | D:4      | Noticed Natasha
  1190 | D:4      | HP: 8/40 [Natasha/puff of flame (11)]
  1193 | D:4      | Killed Natasha
  1209 | D:4      | Noticed Natasha
  1222 | D:4      | HP: 9/41 [Natasha/magic dart (3)]
  1223 | D:4      | Killed Natasha
  1224 | D:4      | Reached skill level 5 in Fighting
  1224 | D:4      | Reached skill level 4 in Maces & Flails
  1224 | D:4      | Reached XP level 4. HP: 11/50 MP: 4/4
  1367 | D:3      | Found a glowing silver altar of Zin.
  1367 | D:3      | Found a stormy altar of Qazlal.
  1367 | D:3      | Found a shadowy altar of Dithmenos.
  1367 | D:3      | Found an iron altar of Okawaru.
  1418 | D:4      | Found a staircase to the Ecumenical Temple.
  1644 | D:3      | Reached ** piety under Trog
  1652 | D:3      | Reached XP level 5. HP: 36/57 MP: 5/5
  1666 | D:3      | Found a glowing drain.
  1685 | Sewer    | Entered a sewer
  1904 | Sewer    | HP: 21/85 [poisoned by a kobold]
  1909 | Sewer    | HP: 18/85 [poisoned by a kobold]
  2100 | Sewer    | Noticed a kobold brigand
  2100 | Sewer    | Noticed a kobold brigand
  2109 | Sewer    | Killed a kobold brigand
  2110 | Sewer    | Reached skill level 5 in Maces & Flails
  2114 | Sewer    | HP: 14/59 [kobold brigand/+0 short sword (2)]
  2115 | Sewer    | HP: 4/59 [kobold brigand/+0 short sword (6)]
  2116 | Sewer    | Slain by a kobold

Vanquished Creatures
  A kobold brigand (Sewer)
  Natasha (twice) (D:4)
  2 adders (D:3)
  A dart slug (D:1)
  4 orcs (D:3)
  7 endoplasms
  5 giant cockroaches
  7 quokkas
  6 ball pythons
  3 bats
  6 goblins (D:1)
  12 kobolds
  7 rats
63 creatures vanquished.

Vanquished Creatures (others)
  3 plants (Sewer)
3 creatures vanquished.

Grand Total: 66 creatures vanquished

Table legend:
 A = Non-vault XP
 B = Vault XP
 C = Vault XP percentage of total XP
 D = Non-vault monster count
 E = Vault monster count
 F = Vault count percentage of total count
                 A         B        C        D         E       F
            +---------+---------+-------+---------+---------+-------
      Total |     128 |     173 |  57.5 |      41 |      22 |  34.9
            +---------+---------+-------+---------+---------+-------
        D:1 |      43 |       0 |   0.0 |      27 |       0 |   0.0
        D:3 |      50 |      10 |  16.7 |      13 |       5 |  27.8
        D:4 |      35 |      37 |  51.4 |       1 |       1 |  50.0
      Sewer |       0 |     126 | 100.0 |       0 |      16 | 100.0
            +---------+---------+-------+---------+---------+-------

Illustrated notes

Table legend:
 A = Kills in this place as a percentage of kills in the entire game.
 B = Kills by you in this place as a percentage of kills by you in the entire game.
 C = Kills by friends in this place as a percentage of kills by friends in the entire game.
 D = Other kills in this place as a percentage of other kills in the entire game.
 E = Experience gained in this place as a percentage of experience gained in the entire game.
 F = Experience gained in this place divided by the number of levels of this place that you have seen.
                   A       B       C       D       E      F
               +-------+-------+-------+-------+-------+----------------------
         Total | 100.0 | 100.0 |   N/A |   N/A | 100.0 |  60.2
       Dungeon |  74.6 |  74.6 |   N/A |   N/A |  58.1 |  43.8
         Sewer |  25.4 |  25.4 |   N/A |   N/A |  41.9 | 126.0
               +-------+-------+-------+-------+-------+----------------------

Table legend: (Time is in decaauts)
 A = Elapsed time spent in this place.
 B = Non-inter-level travel time spent in this place.
 C = Inter-level travel time spent in this place.
 D = Time resting spent in this place.
 E = Time spent auto-exploring this place.
 F = Levels seen in this place.
 G = Mean time per level.
                   A        B        C        D        E       F      G
               +--------+--------+--------+--------+--------+-----+--------+
         Total |   2168 |   2136 |     32 |    151 |   1428 |   5 |  433.6 |
       Dungeon |   1721 |   1689 |     32 |    151 |   1119 |   4 |  430.2 |
         Sewer |    447 |    447 |      0 |      0 |    309 |   1 |  447.0 |
               +--------+--------+--------+--------+--------+-----+--------+

Top non-repeatable levels by time:
     D:1: 1193 daAuts
   Sewer: 447 daAuts
     D:3: 280 daAuts
     D:4: 240 daAuts
     D:2: 6 daAuts
